 Dungeon Crawl Stone Soup version 0.25.1-2-g60ff931 (webtiles) character file.

Game seed: 7104349438529682199

118 Kettleworth the Poker (level 5, -1/39 HPs)
             Began as a Merfolk Gladiator on Aug 29, 2020.
             Was a Believer of Sif Muna.
             Slain by a gnoll
             ... wielding a +0 spear
              (3 damage)
             ... on level 3 of the Dungeon.
             The game lasted 00:09:10 (2300 turns).

Kettleworth the Poker (Merfolk Gladiator)           Turns: 2300, Time: 00:09:11

Health: -1/39      AC:  4    Str: 15    XL:     5   Next: 2%
Magic:  5/5        EV:  6    Int:  7    God:    Sif Muna [**....]
Gold:   197        SH:  0    Dex: 16    Spells: 4/4 levels left

rFire    . . .     SeeInvis .   a - +0 trident
rCold    . . .     Gourm    .   h - +0 kite shield
rNeg     . . .     Faith    +   b - +0 leather armour
rPois    .         Spirit   .   c - +0 helmet
rElec    .         Reflect  .   (no cloak)
rCorr    .         Harm     .   (no gloves)
MR       .....                  (no boots)
Stlth    ++........             j - amulet of faith
HPRegen  0.13/turn              (no ring)
MPRegen  0.09/turn              (no ring)

@: held, hasted, very quick
A: change form in water, swift swim, stealthy swim
a: Channel Magic, Renounce Religion


You were on level 3 of the Dungeon.
You worshipped Sif Muna.
Sif Muna was pleased with you.
You were not hungry.

You visited 1 branch of the dungeon, and saw 3 of its levels.

You collected 197 gold pieces.

Inventory:

Hand Weapons
 a - a +0 trident (weapon)
Missiles
 d - 3 throwing nets (quivered)
Armour
 b - a +0 leather armour (worn)
 c - a +0 helmet (worn)
 h - a +0 kite shield (worn)
Jewellery
 j - an amulet of faith (around neck)
Wands
 k - a wand of random effects (21)
Potions
 e - a potion of flight
Comestibles
 f - 4 rations
 m - 6 chunks of flesh


   Skills:
 + Level 2.6 Fighting
 + Level 5.4 Polearms
 + Level 2.0 Throwing
 + Level 1.1 Armour
 + Level 5.1 Dodging
 + Level 1.4 Stealth
 + Level 1.1 Shields


You had 4 spell levels left.
You didn't know any spells.
Your spell library was empty.

Dungeon Overview and Level Annotations

Branches:
Dungeon (3/15)

Altars:
Gozag
Sif Muna


Message History

The gnoll hits you from afar with a +0 spear.
The gnoll barely misses you.
Okay, then.
As you read the scroll labeled AFIG QYOFRUIF, it crumbles to dust.
You feel blessed for a moment.
It was a scroll of remove curse.
The gnoll hits you from afar with a +0 spear. x2
* * * LOW HITPOINT WARNING * * *
The gnoll hits you with a cursed -3 club.
* * * LOW HITPOINT WARNING * * *
You feel yourself speed up. The gnoll barely misses you.
The gnoll hits you from afar with a +0 spear.
* * * LOW HITPOINT WARNING * * *
The gnoll barely misses you.
You are too injured to fight recklessly!
You are too injured to fight recklessly!
You struggle against the net.
The gnoll hits you from afar with a +0 spear.
* * * LOW HITPOINT WARNING * * *
The gnoll hits you from afar with a +0 spear.
You die...

... #.# ### #.# ... #.#
#########.# #
..######.......#.#.# #
.........#####.#.#.#.#
....(......#.........#
................@.g..#
...........#...#g#g....#
...#############.# .....
.#.# #.# ..## .#.# #..
... .#.# #.# .# .#.# #..
. .#.# ... .#


You could see 3 gnolls.

Vanquished Creatures
  Jessica (D:2)
  2 adders (D:3)
  3 dart slugs
  3 leopard geckos
  An orc (D:3)
  5 giant cockroaches
  4 goblins (D:1)
  6 hobgoblins
  6 jackals
  A quokka (D:3)
  8 bats
  4 frilled lizards
  10 kobolds
  6 rats
60 creatures vanquished.

Notes
Turn   | Place    | Note
-------+----------+-------------------------------------------
     0 | D:1      | Kettleworth the Merfolk Gladiator began the quest for the
                  | Orb.
     0 | D:1      | Reached XP level 1. HP: 16/16 MP: 1/1
   561 | D:1      | Reached XP level 2. HP: 22/22 MP: 2/2
   834 | D:1      | Reached XP level 3. HP: 27/28 MP: 3/3
  1305 | D:2      | Found a faded altar of an unknown god.
  1327 | D:2      | Became a worshipper of Sif Muna the Loreminder
  1327 | D:2      | Reached * piety under Sif Muna
  1493 | D:2      | Reached skill level 1 in Stealth
  1551 | D:2      | Noticed Jessica
  1565 | D:2      | Killed Jessica
  1565 | D:2      | Reached skill level 5 in Polearms
  1565 | D:2      | Reached skill level 5 in Dodging
  1565 | D:2      | Reached XP level 4. HP: 30/34 MP: 4/4
  1624 | D:2      | Found an opulent altar of Gozag.
  1998 | D:3      | Reached skill level 1 in Shields
  2086 | D:3      | Reached ** piety under Sif Muna
  2158 | D:3      | Reached skill level 1 in Armour
  2250 | D:3      | Reached XP level 5. HP: 28/39 MP: 5/5
  2300 | D:3      | Slain by a gnoll

Illustrated notes

Levels and vault maps discovered:
D:1:      dpeg_arrival_morbid_curiosity, layout_basic, minmay_misc_feat_alley,
          minmay_close_crescents
D:2:      layout_rooms, first_ration, chequers_ecumenical_altar_simple,
          grunt_gozag_breadcrumbs, uniq_jessica
D:3:      layout_basic

Skill      XL: |  1  2  3  4 |
---------------+-------------+-----
Stealth        | 1 |  1.4
Polearms       | 5 |  5.4
Dodging        | 5 |  5.1
Shields        | 1 |  1.1
Armour         | 1 |  1.1
Fighting       | |  2.6
Throwing       | |  2.0

Action                   |  1- 3 |  4- 6 || total
-------------------------+-------+-------++-------
Melee: Trident           |   148 |    76 ||   224
  Use: Scroll            |     5 |     3 ||     8
       Potion            |     3 |     4 ||     7
 Stab: Sleeping          |     3 |       ||     3
  Eat: Ration            |     1 |       ||     1
       Chunk             |     1 |       ||     1
Armor: Leather armour    |    38 |    27 ||    65
Dodge: Dodged            |    98 |    42 ||   140
Block: Kite shield       |    39 |    38 ||    77
